 Dungeon Crawl Stone Soup version 0.29.0-11-gd7f09526c8 (webtiles) character file.

Game seed: 4287421594260267615

8960 leavemydog the Thaumaturge (level 11, -4/59 HPs)
             Began as a Deep Elf Conjurer on Sept 4, 2022.
             Was a Believer of Vehumet.
             Slain by a boulder beetle (41 damage)
             ... on level 11 of the Dungeon.
             The game lasted 00:22:40 (12660 turns).

leavemydog the Thaumaturge (Deep Elf Conjurer)     Turns: 12660, Time: 00:22:41

Health: -4/59      AC: 13    Str:  4    XL:     11   Next: 16%
Magic:  7/30       EV: 26    Int: 34    God:    Vehumet [**....]
Gold:   514        SH:  0    Dex: 17    Spells: 25/37 levels left

rFire   . . .      SeeInvis .   i - +3 short sword (speed)
rCold   . . .      Faith    .   (no shield)
rNeg    . . .      Spirit   .   E - +0 acid dragon scales
rPois   .          Reflect  .   (no helmet)
rElec   .          Harm     .   N - +2 cloak
rCorr   +          Rampage  .   r - +0 pair of gloves
Will    ++...                   y - +2 pair of boots {Fly}
Stlth   ++........              H - amulet "Urphep" {Acrobat Dex+4}
HPRegen 0.19/turn               x - +6 ring of intelligence
MPRegen 0.22/turn               w - ring of willpower

@: acrobatic, flying
A: no striking features
a: Renounce Religion


You were on level 11 of the Dungeon.
You worshipped Vehumet.
Vehumet was pleased with you.
You visited 2 branches of the dungeon, and saw 12 of its levels.

You collected 729 gold pieces.
You spent 215 gold pieces at shops.

Inventory:

Hand Weapons
 i - a +3 short sword of speed (weapon)
Missiles
 J - 3 silver javelins
Armour
 a - a +0 robe
 r - a +0 pair of gloves (worn)
 y - a +2 pair of boots of flying (worn)
 E - +0 acid dragon scales (worn)
 N - a +2 cloak (worn)
Jewellery
 w - a ring of willpower (right hand)
 x - a +6 ring of intelligence (left hand)
 C - an amulet of regeneration
 H - the amulet "Urphep" (around neck) {Acrobat Dex+4}
   (You found it on level 8 of the Dungeon)

   [amulet of the acrobat]

   It increases your evasion while moving and waiting.
   Dex:       It affects your dexterity (+4).
Wands
 q - a wand of paralysis (22)
 s - a wand of quicksilver (6)
 t - a wand of iceblast (12)
 L - a wand of flame (16)
Scrolls
 c - a scroll of torment
 d - 2 scrolls of noise
 e - 5 scrolls of amnesia
 f - 8 scrolls of teleportation
 h - 2 scrolls of blinking
 k - 2 scrolls of immolation
 m - 2 scrolls of summoning
 o - 3 scrolls of fear
 p - 5 scrolls of enchant armour {unknown}
 A - 2 scrolls of poison {unknown}
 B - 3 scrolls of magic mapping {unknown}
 D - a scroll of brand weapon {unknown}
 F - 2 scrolls of enchant weapon {unknown}
 I - 3 scrolls of fog
 M - a scroll of vulnerability
Potions
 b - a potion of magic
 g - 4 potions of might
 j - a potion of lignification
 n - 6 potions of haste
 u - 3 potions of curing
 v - 3 potions of brilliance
 z - 3 potions of attraction
 G - 2 potions of heal wounds
 K - a potion of flight {unknown}


   Skills:
 * Level 2.7 Fighting
 - Level 2.4 Dodging
 - Level 2.4 Stealth
 + Level 13.8 Spellcasting
 + Level 12.0 Conjurations
 * Level 6.6 Hexes
 * Level 7.8 Translocations


You had 25 spell levels left.
You knew the following spells:

 Your Spells              Type           Power      Damage    Failure   Level
a - Magic Dart            Conj           100%       1d8       1%          1
b - Searing Ray           Conj           100%       2d8       1%          2
c - Iskenderun's Mystic   Conj/Tloc      74%        2d15      1%          4
d - Shock                 Conj/Air       100%       1d9       1%          1
e - Fulminant Prism       Conj/Hex       36%        3d18      1%          4

Your spell library contained the following spells:

 Spells                   Type           Power      Damage    Failure   Level
 Scorch                   Fire           46%        2d7       7%          2
 Conjure Flame            Conj/Fire      59%        6-21      1%          3
 Dazzling Flash           Conj/Hex       100%       N/A       1%          3
 Gell's Gravitas          Tloc           67%        N/A       1%          3
 Lesser Beckoning         Tloc           67%        N/A       1%          3
 Teleport Other           Tloc           67%        N/A       1%          3
 Sticky Flame             Conj/Fire      59%        2d7       3%          4
 Ignite Poison            Fire/Tmut/Pois 23%        N/A       13%         3


Dungeon Overview and Level Annotations

Branches:
Dungeon (11/15)            Temple (1/1) D:4
   Lair: D:8-11         Orc: D:9-12

Altars:
Ashenzari
Cheibriados
Dithmenos
Elyvilon
Fedhas
Gozag
Hepliaklqana
Makhleb
Nemelex Xobeh
Okawaru
Qazlal
Ru
Sif Muna
Trog
Uskayaw
Vehumet
Wu Jian
Xom
Yredelemnul
Zin
The Shining One

Shops:
D:1 (   D:7 [

Portals:
Trove: D:10 (give horn of Geryon)

Annotations:
D:8 1 runed translucent door, sausages's ghost, novice DEFE


Message History

The boulder beetle curls into a ball and begins rolling!
The boulder beetle stops rolling and uncurls.
The boulder beetle leaps!
Casting: Searing Ray (safe; 1% risk of failure)
Confirm with . or Enter, or press ? or * to list all spells.
Aiming: Searing Ray (safe; 1% risk of failure)
Press: ? - help, Shift-Dir - straight line, f - ogre
Aim: an ogre, wielding a +0 giant club (severely wounded, 92% to hit)
The searing ray hits the ogre.
The ogre is severely wounded. (Press . to maintain the ray.) Unknown command.
The searing ray hits the ogre.
The ogre is almost dead.
The ogre misses you.
The searing ray hits the ogre!
You kill the ogre!
Vehumet accepts your kill.
You feel your power returning.
You finish channelling your searing ray.
You start resting.
A boulder beetle is nearby!
A boulder beetle is nearby!
Casting: Searing Ray (safe; 1% risk of failure)
Confirm with . or Enter, or press ? or * to list all spells.
Okay, then.
Casting: Searing Ray (safe; 1% risk of failure)
Confirm with . or Enter, or press ? or * to list all spells.
Aiming: Fulminant Prism (dangerous; 1% risk of failure)
Press: ? - help, Dir - move target You conjure a prism of explosive energy!
A fulminant prism comes into view.
The boulder beetle curls into a ball and begins rolling!
Your fulminant prism crackles loudly.
Your fulminant prism explodes!
The blast of energy engulfs the boulder beetle!!
The boulder beetle is moderately wounded.
The boulder beetle hits you!!!
Ouch! That really hurt!
You die...

..........# ..........#
..........##############
...........○○B°°°○○.....
.........°##############
........°.# .......○..#
... #######B### ... #@#
.... #.## ..... #..#
#..... ##.##.....
##....# .# ##...### #.#
. #.....####....
#........<.#
#.....####.#


You could see a boulder beetle (rolling).

Vanquished Creatures
  Snorg (D:11)
  Lodul (D:10)
  Maurice (D:10)
  A kobold demonologist (D:10)
  An unseen horror (D:10)
  A troll (D:10)
  A hornet (D:10)
  Grinder (D:3)
  A shadow (D:10)
  6 yaks (D:10)
  A wyvern (D:8)
  Grum (D:10)
  4 vampire mosquitoes (D:11)
  2 acid dragons
  2 water moccasins
  3 orc warriors (D:9)
  2 sky beasts (D:6)
  3 wolves (D:10)
  2 ice beasts
  9 ogres
  3 centaurs
  2 kobold brigands
  A necrophage (D:7)
  4 scorpions
  4 bullfrogs
  A gnoll sergeant (D:6)
  5 wights (D:8)
  3 killer bees (D:10)
  2 electric eels (D:6)
  2 howler monkeys (D:7)
  4 hounds
  A gnoll bouda (D:9)
  6 orc priests
  2 jellies (D:6)
  2 iguanas
  Natasha (thrice) (D:4)
  10 orc wizards
  9 gnolls
  5 adders
  2 ufetubi (D:6)
  2 dart slugs
  26 orcs
  7 ball pythons
  5 endoplasms
  4 giant cockroaches
  5 goblins
  3 hobgoblins
  2 jackals (D:2)
  14 kobolds
  4 quokkas
  A bat (D:2)
  3 frilled lizards
  2 rats (D:2)
  A spectral orc (D:3)
194 creatures vanquished.

Vanquished Creatures (others)
  13 fulminant prisms
  9 plants (D:6)
22 creatures vanquished.

Grand Total: 216 creatures vanquished

Notes
Turn   | Place    | Note
-------+----------+-------------------------------------------
     0 | D:1      | leavemydog the Deep Elf Conjurer began the quest for the
                  | Orb.
     0 | D:1      | Reached XP level 1. HP: 10/10 MP: 6/6
   146 | D:1      | Found a faded altar of an unknown god.
   286 | D:1      | Found Puwk's Antique Weapon Shop.
   482 | D:1      | Reached XP level 2. HP: 15/15 MP: 1/8
   485 | D:1      | Learned a level 2 spell: Searing Ray
   850 | D:2      | Reached skill level 5 in Conjurations
   964 | D:2      | Reached XP level 3. HP: 19/19 MP: 1/9
  2072 | D:3      | Reached XP level 4. HP: 24/24 MP: 7/11
  2144 | D:3      | Learned a level 4 spell: Iskenderun's Mystic Blast
  2147 | D:3      | Noticed Grinder
  2148 | D:3      | Paralysed by Grinder for 4 turns
  2173 | D:3      | Killed Grinder
  2174 | D:3      | Reached skill level 4 in Spellcasting
  2174 | D:3      | Reached skill level 1 in Translocations
  2174 | D:3      | Reached XP level 5. HP: 24/28 MP: 1/14
  2312 | D:3      | Found a shimmering altar of Xom.
  2366 | D:3      | Found a hazy altar of Hepliaklqana.
  2586 | D:4      | Noticed Natasha
  2590 | D:4      | Killed Natasha
  2591 | D:4      | Reached XP level 6. HP: 32/32 MP: 9/15
  2663 | D:4      | Noticed an ice beast
  2665 | D:4      | Reached skill level 5 in Spellcasting
  2666 | D:4      | Noticed Natasha
  2672 | D:4      | HP: 1/32 [Natasha (8)]
  2970 | D:4      | Killed an ice beast
  2972 | D:4      | Killed Natasha
  3369 | D:4      | Noticed Natasha
  3373 | D:4      | Killed Natasha
  3374 | D:4      | Reached XP level 7. HP: 36/36 MP: 12/17
  3496 | D:4      | Reached skill level 6 in Spellcasting
  3763 | D:4      | Found a staircase to the Ecumenical Temple.
  3813 | Temple   | Entered the Ecumenical Temple
  3952 | Temple   | Became a worshipper of Vehumet
  4195 | D:5      | Entered Level 5 of the Dungeon
  4526 | D:5      | Identified the +7 dagger of Puorufach {holy, SInv}
  4717 | D:5      | Reached skill level 7 in Spellcasting
  4877 | D:5      | Identified the +2 leather armour "Yfoponaps" {rPois}
  5637 | D:6      | Reached XP level 8. HP: 32/41 MP: 11/21
  5776 | D:6      | Reached * piety under Vehumet
  5776 | D:6      | Offered knowledge of Shock by Vehumet.
  5777 | D:6      | Reached skill level 8 in Spellcasting
  5822 | D:6      | Learned a level 1 spell: Shock
  6058 | D:6      | Reached skill level 9 in Spellcasting
  6478 | D:6      | Found a white marble altar of Elyvilon.
  6483 | D:6      | Reached skill level 5 in Translocations
  6632 | D:7      | Learned a level 4 spell: Fulminant Prism
  6790 | D:7      | Reached skill level 1 in Hexes
  6790 | D:7      | Reached XP level 9. HP: 45/45 MP: 14/24
  7097 | D:7      | Reached skill level 10 in Spellcasting
  7233 | D:7      | Found Uqof's Armour Boutique.
  7246 | D:7      | Bought a +2 pair of boots of flying for 215 gold pieces
  7663 | D:8      | Found a runed translucent door.
  7663 | D:8      | Noticed sausages's ghost (novice DEFE)
  7663 | D:8      | Noticed a cyclops
  7861 | D:8      | Identified the amulet "Urphep" {Acrobat Dex+4}
  8127 | D:8      | Reached skill level 10 in Conjurations
  8642 | D:8      | Reached skill level 11 in Spellcasting
  9578 | D:9      | Found a burning altar of Makhleb.
  9614 | D:9      | HP: 1/45 [orc warrior/+0 dire flail (13)]
 10605 | D:9      | Found a bloodstained altar of Trog.
 10669 | D:10     | Entered Level 10 of the Dungeon
 10669 | D:10     | Noticed Grum
 10673 | D:10     | Killed Grum
 10673 | D:10     | Offered knowledge of Sandblast by Vehumet.
 10674 | D:10     | Reached XP level 10. HP: 50/50 MP: 22/27
 10674 | D:10     | Reached ** piety under Vehumet
 10678 | D:10     | Reached skill level 12 in Spellcasting
 10811 | D:10     | Noticed Maurice
 10826 | D:10     | Killed Maurice
 10925 | D:10     | Reached skill level 5 in Hexes
 10983 | D:10     | Found a portal to a secret trove of treasure.
 11108 | D:10     | Noticed Lodul
 11149 | D:10     | Killed Lodul
 11150 | D:10     | Reached skill level 1 in Fighting
 11479 | D:10     | Reached skill level 13 in Spellcasting
 11691 | D:10     | Offered knowledge of Scorch by Vehumet.
 12004 | D:10     | Reached XP level 11. HP: 27/58 MP: 16/30
 12598 | D:11     | Noticed Snorg
 12614 | D:11     | Noticed a boulder beetle
 12620 | D:11     | Killed Snorg
 12660 | D:11     | Slain by a boulder beetle

Illustrated notes

Levels and vault maps discovered:
D:1:      minmay_arrival_wavy_path, layout_loops_cross, serial_shops,
          nicolae_shop_statue_plus, shapermc_ecumenical_altar_ellora
D:2:      layout_basic, minmay_bisected
D:3:      layout_rooms, lemuel_round_altar,
          nicolae_hepliaklqana_monster_ancestors, uniq_grinder
D:4:      cheibrodos_helix_gallery, layout_gridville,
          minmay_temple_entry_overgrown, minivault_14, kennysheep_donut,
          serial_park_tiny_pond, uniq_natasha
D:5:      layout_basic, kennysheep_minor_cross
D:6:      layout_loops_ring, nicolae_elyvilon_temple_path
D:7:      layout_basic, ebering_ghost_reflecting_pool, serial_shops,
          nicolae_square_shop
D:8:      layout_basic, nicolae_overflow_hidden_temple,
          ebering_ghost_inner_flame
D:9:      layout_irregular_city, nicolae_overflow_crystal_walls,
          lightli_temple_of_fire
D:10:     layout_loops_ring, nicolae_trove_entry_crossroad, uniq_maurice,
          uniq_grum, uniq_lodul
D:11:     layout_rooms, lair_entry_dummy, erik_orc_1, special_room
          [special_room_bee], grunt_ministairs_15, uniq_snorg
Temple:   nicolae_temple_slightly_damp_pantheon

Skill      XL: |  1  2  3  4  5  6  7  8  9 10 11 |
---------------+----------------------------------+-----
Conjurations   | 5 6 7 8 9 10 11 12 | 12.0
Spellcasting   | 4 5 7 9 11 13 | 13.8
Translocations | 1 2 3 5 6 7 |  7.8
Hexes          | 1 4 6 |  6.6
Fighting       | 2 |  2.7
Dodging        | |  2.4
Stealth        | |  2.4

Action                   |  1- 3 |  4- 6 |  7- 9 | 10-12 || total
-------------------------+-------+-------+-------+-------++-------
Melee: Short sword       |     3 |       |       |     2 ||     5
 Cast: Magic Dart        |    69 |    37 |   181 |    30 ||   317
       Searing Ray       |     2 |    11 |    47 |    39 ||    99
       Shock             |       |       |     4 |       ||     4
       Fulminant Prism   |       |       |     4 |     9 ||    13
       Iskenderun's Myst |       |       |     2 |     7 ||     9
  Use: Scroll            |     3 |     2 |     8 |     3 ||    16
       Potion            |       |     1 |       |       ||     1
Armor: Robe              |       |     3 |    12 |       ||    15
       Acid dragon scale |       |       |    15 |    17 ||    32
Dodge: Dodged            |     9 |     6 |    52 |    55 ||   122
